Map: Romanticide LE

Players

Neeb

  • Race: Protoss Protoss
  • Spawn Location: 11:00

Astrea - Winner!

  • Race: Protoss Protoss
  • League: Master
  • Spawn Location: 5:00

Event: DreamHack SC2 Masters 2020 Winter

VOD

Have the link to the VOD?

Description

Time

  • Played on: Nov. 8, 2020, 6:11 p.m.
  • Length: 10:42

All games in this series

Show
View Real Time Build Order
Export as new Build Order

Neeb Protoss 

Build Orders: Blink Stalkers 

Get SALT Encoding   

  12  0:00  Probe  
  13  0:12  Probe  
  14  0:17  Pylon  
  14  0:24  Probe (Chrono Boost)  
  16  0:36  Probe (Chrono Boost)  
  16  0:37  Gateway  
  16  0:43  Probe (Chrono Boost)  
  16  0:46  Assimilator  
  17  0:51  Probe  
  17  0:54  Assimilator  
  18  1:03  Probe (Chrono Boost)  
  19  1:08  Gateway  
  19  1:13  Probe (Chrono Boost)  
  19  1:18  Probe (Chrono Boost)  
  20  1:24  Cybernetics Core  
  21  1:29  Probe  
  22  1:36  Pylon  
  22  1:41  Probe  
  23  1:56  Probe  
  23  1:58  Warp Gate (Chrono Boost)  
  23  2:00  Stalker  
  23  2:01  Stalker  
  28  2:11  Probe  
  28  2:13  Pylon  
  29  2:30  Stalker  
  29  2:31  Stalker  
  33  2:42  Probe  
  34  2:48  Pylon  
  34  2:55  Shield Battery  
  34  3:07  Nexus  
  34  3:10  Probe  
  35  3:18  Twilight Council  
  35  3:22  Probe  
  36  3:34  Probe  
  36  3:39  Sentry x2  
  41  3:46  Probe  
  42  3:49  Pylon  
  42  3:54  Blink  
  42  3:58  Probe  
  43  4:03  Phoenix, Adept  
  43  4:04  Adept  
  47  4:10  Probe (Chrono Boost)  
  47  4:19  Probe (Chrono Boost)  
  47  4:23  Probe (Chrono Boost)  
  49  4:26  Stalker, Sentry  
  49  4:30  Probe (Chrono Boost)  
  55  4:31  Probe (Chrono Boost)  
  55  4:35  Probe (Chrono Boost)  
  55  4:36  Forge  
  56  4:39  Probe  
  56  4:44  Assimilator  
  57  4:46  Probe  
  57  4:52  Probe  
  57  4:58  Probe  
  56  5:01  Gateway  
  56  5:03  Sentry  
  56  5:04  Gateway  
  56  5:05  Shield Battery, Probe  
  59  5:08  Stalker  
  59  5:12  Protoss Ground Weapons Level 1 (Chrono Boost)  
  59  5:13  Probe  
  62  5:18  Probe  
  63  5:30  Nexus  
  63  5:32  Probe  
  63  5:34  Probe  
  65  5:39  Pylon  
  64  5:46  Probe  
  64  5:47  Stalker x2  
  69  5:51  Probe  
  70  5:58  Probe  
  70  6:03  Probe  
  72  6:07  Stalker x2  
  72  6:08  Pylon  
  72  6:10  Probe  
  77  6:11  Pylon  
  77  6:14  Robotics Facility  
  77  6:16  Probe  
  78  6:26  Stalker x2, Probe  
  78  6:28  Probe  
  84  6:39  Gateway  
  85  6:40  Probe (Chrono Boost)  
  85  6:41  Gateway  
  85  6:42  Probe x2 (Chrono Boost)  
  85  6:45  Pylon  
  87  6:52  Probe (Chrono Boost)  
  87  6:53  Stalker x2, Probe (Chrono Boost)  
  93  6:54  Probe (Chrono Boost)  
  93  6:57  Stalker, Probe  
  93  7:00  Stalker  
  99  7:02  Probe  
  99  7:04  Probe  
  99  7:07  Protoss Ground Weapons Level 2 (Chrono Boost)  
  101  7:10  Assimilator  
  101  7:12  Observer  
  101  7:14  Assimilator  
  101  7:15  Pylon  
  102  7:18  Assimilator, Probe x3  
  105  7:30  Robotics Bay  
  105  7:32  Stalker x2  
  105  7:34  Robotics Facility  
  109  7:40  Observer  
  109  7:41  Probe x3  
  113  7:45  Pylon  
  113  7:48  Photon Cannon x2  
  113  7:51  Photon Cannon  
  113  7:53  Stalker x2  
  113  7:57  Pylon  
  117  7:58  Pylon  
  117  8:07  Pylon x2  
  117  8:13  Pylon  
  117  8:15  Disruptor (Chrono Boost)  
  117  8:17  Pylon  
  117  8:18  Disruptor (Chrono Boost)  
  120  8:22  Nexus  
  123  8:27  Phoenix  
  123  8:28  Pylon  
  123  8:31  Probe x2  
  123  8:33  Probe  
  126  8:40  Pylon  
  126  8:43  Disruptor, Probe x2  
  126  8:46  Probe  
  126  8:47  Disruptor  
  135  8:58  Stalker x5  
  135  8:59  Stalker  
  135  9:01  Probe  
  132  9:19  Disruptor  
  132  9:23  Disruptor  
  131  9:30  Stalker x3  
  131  9:31  Stalker x2  
  113  9:43  Probe x3  
  113  9:44  Probe  
  103  9:48  Stalker  
  94  9:53  Stalker x3  
  94  9:57  Probe x3 (Chrono Boost)  
  85  10:03  Probe (Chrono Boost)  
  85  10:05  Stalker x2  
  85  10:06  Observer  
  85  10:07  Probe (Chrono Boost)  
  81  10:28  Stalker x3, Pylon  
  77  10:37  Stalker, Pylon x2  
Show
View Real Time Build Order
Export as new Build Order

Astrea Protoss - Winner!

Build Orders: Oracle Opening 

Get SALT Encoding   

  12  0:00  Probe  
  13  0:12  Probe  
  14  0:17  Pylon  
  14  0:24  Probe (Chrono Boost)  
  16  0:35  Gateway  
  16  0:36  Probe (Chrono Boost)  
  16  0:43  Probe (Chrono Boost)  
  16  0:45  Assimilator  
  17  0:51  Probe  
  17  0:53  Assimilator  
  18  1:03  Probe (Chrono Boost)  
  19  1:14  Probe (Chrono Boost)  
  20  1:18  Probe (Chrono Boost)  
  20  1:22  Cybernetics Core  
  20  1:25  Pylon  
  21  1:29  Probe  
  21  1:31  Pylon  
  22  1:41  Probe  
  23  1:53  Probe  
  24  1:58  Stargate  
  24  1:59  Stalker (Chrono Boost)  
  26  2:06  Warp Gate  
  26  2:10  Probe  
  27  2:21  Stalker (Chrono Boost)  
  27  2:24  Probe  
  30  2:38  Pylon  
  30  2:43  Oracle (Chrono Boost)  
  33  2:59  Nexus  
  32  3:08  Pylon  
  32  3:18  Oracle (Chrono Boost)  
  35  3:20  Probe  
  35  3:26  Shield Battery  
  36  3:32  Probe  
  37  3:39  Robotics Facility  
  37  3:45  Probe  
  37  3:48  Gateway  
  38  3:54  Sentry  
  40  3:57  Probe  
  41  4:09  Probe (Chrono Boost)  
  42  4:16  Probe (Chrono Boost)  
  43  4:21  Probe (Chrono Boost)  
  44  4:24  Sentry  
  44  4:25  Probe (Chrono Boost)  
  44  4:27  Observer, Probe (Chrono Boost)  
  44  4:30  Probe (Chrono Boost)  
  49  4:36  Probe  
  51  4:42  Stalker, Shield Battery, Probe  
  54  4:48  Probe  
  54  4:55  Probe  
  55  5:00  Probe  
  55  5:02  Nexus  
  55  5:07  Probe  
  57  5:11  Immortal  
  57  5:13  Pylon  
  61  5:15  Probe  
  62  5:24  Assimilator  
  62  5:28  Pylon  
  62  5:31  Probe x2  
  64  5:44  Probe x2  
  64  5:45  Pylon  
  64  5:49  Immortal (Chrono Boost)  
  66  5:50  Assimilator  
  66  5:56  Probe x2  
  72  6:05  Forge  
  72  6:06  Shield Battery, Twilight Council  
  72  6:08  Pylon, Probe (Chrono Boost)  
  74  6:13  Probe (Chrono Boost)  
  74  6:18  Probe (Chrono Boost)  
  76  6:19  Probe (Chrono Boost)  
  76  6:21  Probe (Chrono Boost)  
  76  6:24  Immortal  
  82  6:26  Probe (Chrono Boost)  
  82  6:27  Probe (Chrono Boost)  
  82  6:30  Probe (Chrono Boost)  
  85  6:34  Probe (Chrono Boost)  
  85  6:37  Probe (Chrono Boost)  
  85  6:38  Probe (Chrono Boost)  
  85  6:39  Blink, Probe (Chrono Boost)  
  87  6:41  Sentry  
  87  6:43  Probe  
  87  6:46  Probe  
  92  6:48  Shield Battery, Probe  
  92  6:50  Protoss Ground Weapons Level 1 (Chrono Boost)  
  92  6:55  Probe  
  92  6:59  Stalker  
  95  7:02  Probe x2  
  97  7:09  Probe  
  97  7:11  Assimilator x2, Pylon  
  97  7:14  Probe  
  97  7:15  Gateway  
  99  7:18  Gateway  
  99  7:19  Gateway  
  99  7:20  Gateway  
  99  7:22  Gateway x2  
  99  7:28  Immortal (Chrono Boost)  
  103  7:35  Pylon  
  103  7:36  Pylon  
  103  7:43  Stalker x2  
  107  7:47  Pylon  
  107  7:51  Dark Shrine  
  107  7:59  Warp Prism  
  107  8:04  Pylon  
  109  8:07  Photon Cannon  
  109  8:08  Photon Cannon  
  109  8:10  Photon Cannon  
  109  8:13  Stalker x4  
  109  8:17  Observer  
  117  8:21  Stalker x3  
  117  8:23  Stalker  
  125  8:34  Robotics Bay  
  125  8:35  Robotics Facility  
  125  8:44  Pylon  
  125  8:45  Stalker x4  
  133  8:56  Pylon x2  
  133  8:58  Pylon  
  132  9:04  Pylon  
  132  9:08  Pylon  
  126  9:19  Stalker x7  
  138  9:30  Stalker  
  120  9:43  Stalker  
  120  9:44  Stalker x4  
  109  9:55  Stalker x3  
  97  10:08  Dark Templar x5  
  101  10:25  Dark Templar x3  
  95  10:37  Nexus  
Tags
 
Add a new tag
Caveats
  • Supply blocks, unpowered buildings, or Contaminate may cause inaccurate times.
  • Supply counts are checked every 10 seconds.